Map: Traitor's Exile

Players

IIIIIIIIIIII

  • Race: Terran Terran
  • Spawn Location: 12:00

lllIIllIllIl

  • Race: Protoss Protoss
  • League: Silver
  • Spawn Location: 9:00

Demon - Winner!

  • Race: Zerg Zerg
  • League: Diamond
  • Spawn Location: 5:00

PureLegacy - Winner!

  • Race: Terran Terran
  • Spawn Location: 6:00

VOD

Have the link to the VOD?

Description

Time

  • Played on: Nov. 28, 2018, 10:01 a.m.
  • Length: 9:53
Show
View Real Time Build Order
Export as new Build Order

IIIIIIIIIIII Terran 

Build Orders: 1/1/1, Liberator Opening 

Get SALT Encoding   

  12  0:02  SCV  
  13  0:14  SCV  
  13  0:19  Supply Depot  
  14  0:26  SCV  
  15  0:41  SCV  
  15  0:42  Barracks  
  16  0:45  Refinery  
  16  0:53  SCV  
  17  0:57  Refinery  
  17  1:05  SCV  
  18  1:17  SCV  
  19  1:29  Marine, Orbital Command  
  20  1:34  Factory  
  20  1:44  Supply Depot  
  20  1:47  Marine  
  21  1:56  SCV  
  22  2:05  Marine  
  22  2:08  SCV  
  24  2:19  Factory Tech Lab, Starport  
  24  2:23  Marine  
  24  2:24  SCV  
  26  2:33  Supply Depot  
  26  2:36  SCV  
  27  2:41  Marine, Siege Tank  
  31  2:54  SCV  
  31  2:57  Medivac  
  34  3:02  Supply Depot, Marine  
  35  3:08  SCV  
  36  3:13  Siege Tank  
  39  3:24  Marine, SCV  
  41  3:29  Supply Depot  
  41  3:30  Medivac  
  43  3:36  SCV  
  44  3:41  Marine  
  44  3:48  SCV  
  46  3:55  Supply Depot, Siege Tank  
  49  3:59  Liberator, Marine  
  49  4:00  SCV  
  51  4:12  SCV  
  55  4:17  Marine  
  56  4:24  SCV  
  56  4:31  Supply Depot  
  57  4:35  Marine  
  57  4:38  SCV  
  50  4:54  SCV  
  50  4:58  Command Center  
  48  5:00  Barracks  
  48  5:01  Barracks  
  48  5:11  Starport Reactor  
  48  5:13  Factory Reactor, SCV  
  49  5:18  Engineering Bay  
  49  5:23  Stimpack  
  49  5:25  SCV  
  49  5:28  Marine  
  51  5:42  SCV  
  52  5:46  Marine  
  52  5:48  Terran Infantry Weapons Level 1  
  52  5:49  Missile Turret  
  53  5:56  SCV  
  54  5:58  Starport Reactor  
  54  6:01  Factory Tech Lab  
  54  6:04  Marine  
  51  6:06  Marine x3  
  51  6:07  Marine  
  57  6:11  SCV  
  57  6:24  Refinery  
  57  6:26  Siege Tank  
  57  6:29  Missile Turret, Marine x5  
  66  6:32  SCV  
  66  6:35  Missile Turret  
  66  6:43  Orbital Command  
  66  6:48  SCV  
  67  6:57  Marine x5  
  72  7:08  Supply Depot  
  72  7:12  SCV x2  
  74  7:19  Siege Tank  
  74  7:22  Marine x4  
  81  7:23  Marine, Combat Shield  
  81  7:27  Refinery  
  81  7:28  Supply Depot  
  81  7:29  SCV x2  
  84  7:36  Medivac x2  
  88  7:43  Marine  
  88  7:44  Marine x3  
  89  7:45  Marine  
  89  7:47  SCV  
  89  7:49  SCV  
  87  7:53  Siege Tank  
  75  8:06  Marine x5  
  75  8:08  Command Center  
  81  8:20  SCV x2  
  81  8:27  Marine x4  
  82  8:28  Marine  
  82  8:29  Siege Tank  
  90  8:43  Barracks  
  90  8:44  Armory, Barracks  
  90  8:48  Engineering Bay  
  90  8:52  Marine x3  
  90  8:53  Marine x2  
  95  9:04  Missile Turret  
  95  9:05  Missile Turret, Siege Tank  
  98  9:13  Supply Depot  
  98  9:15  Supply Depot  
  82  9:17  Marine  
  82  9:18  Marine x3  
  82  9:20  Marine  
  78  9:34  Barracks Reactor x2  
  78  9:39  Missile Turret  
Show
View Real Time Build Order
Export as new Build Order

lllIIllIllIl Protoss 

Build Orders:  

Get SALT Encoding   

  1  0:00  Probe  
  12  0:05  Probe  
  14  0:15  Probe  
  15  0:22  Pylon  
  15  0:29  Assimilator  
  15  0:42  Gateway  
  15  0:45  Probe  
  16  0:57  Probe  
  16  1:03  Gateway  
  17  1:09  Probe  
  18  1:21  Pylon  
  18  1:22  Probe  
  19  1:30  Cybernetics Core  
  19  1:34  Probe  
  20  1:42  Assimilator  
  20  1:46  Probe  
  21  2:03  Stalker x2  
  25  2:11  Shield Battery  
  25  2:14  Probe  
  26  2:22  Pylon  
  25  2:38  Warp Gate  
  23  2:50  Pylon  
  23  2:59  Stalker  
  23  3:08  Stalker, Probe  
  28  3:17  Shield Battery  
  28  3:24  Probe  
  29  3:30  Sentry  
  31  3:39  Pylon  
  28  4:10  Sentry  
  28  4:14  Nexus  
  28  4:20  Probe  
  31  4:27  Pylon  
  31  4:37  Probe  
  31  4:49  Probe  
  32  5:01  Probe  
  32  5:02  Twilight Council  
  33  5:13  Probe  
  34  5:23  Twilight Council  
  34  5:25  Probe  
  34  5:28  Probe, Sentry x2  
  40  5:36  Probe  
  40  5:37  Probe, Pylon  
  42  5:43  Pylon  
  42  5:46  Probe  
  43  5:52  Probe  
  44  5:58  Probe  
  45  6:05  Robotics Facility  
  45  6:06  Probe  
  45  6:09  Probe  
  47  6:14  Probe  
  48  6:21  Probe  
  48  6:24  Probe  
  50  6:33  Probe  
  50  6:36  Probe  
  52  6:44  Robotics Facility  
  52  6:45  Probe  
  53  6:48  Probe  
  53  6:50  Templar Archives  
  54  6:57  Probe  
  54  6:58  Stalker  
  54  7:00  Probe  
  58  7:10  Probe  
  58  7:13  Immortal  
  64  7:18  Gateway  
  64  7:19  Gateway  
  65  7:24  Assimilator  
  65  7:29  Gateway  
  48  8:01  Stalker x2  
  33  8:25  Probe x2  
  35  8:34  Assimilator  
  35  8:37  Stalker x2, Probe x2  
  41  8:42  Stalker x2  
  45  8:49  Probe x2  
  45  9:01  Probe x2  
  43  9:14  Zealot  
  43  9:15  Zealot x3  
  41  9:28  Stalker  
  23  9:35  Stalker x2  
  23  9:36  Stalker x2  
Show
View Real Time Build Order
Export as new Build Order

Demon Zerg - Winner!

Build Orders: Pool First 

Get SALT Encoding   

  12  0:01  Drone  
  13  0:08  Drone  
  14  0:21  Drone, Extractor x2  
  13  0:23  Drone  
  15  0:40  Spawning Pool  
  14  0:44  Extractor  
  14  0:45  Drone  
  15  0:52  Overlord  
  15  1:26  Metabolic Boost  
  15  1:27  Zergling x2  
  15  1:28  Queen, Zergling x4  
  20  1:38  Zergling x2  
  21  2:00  Overlord  
  21  2:04  Hatchery  
  21  2:06  Drone  
  21  2:11  Drone  
  22  2:21  Drone  
  23  2:33  Drone  
  23  2:35  Drone  
  25  2:38  Drone x2  
  25  2:40  Queen  
  25  2:45  Drone  
  26  2:55  Zergling x2  
  27  3:09  Drone  
  27  3:10  Drone  
  29  3:13  Drone  
  29  3:15  Hatchery  
  29  3:21  Drone x2  
  29  3:24  Drone  
  32  3:29  Drone  
  32  3:33  Drone  
  33  3:38  Drone  
  34  3:42  Drone x2  
  36  3:52  Overlord x2  
  36  4:10  Queen  
  36  4:13  Zergling x14  
  36  4:15  Evolution Chamber  
  36  4:16  Evolution Chamber  
  43  4:18  Baneling Nest  
  43  4:19  Extractor  
  43  4:20  Zergling x2  
  43  4:23  Zergling x2  
  43  4:26  Zergling x2  
  43  4:27  Zergling x2  
  45  4:35  Zergling x2  
  45  4:45  Drone  
  39  4:49  Drone x3  
  39  4:51  Drone x3  
  43  4:53  Drone  
  43  4:54  Zergling x2  
  43  4:58  Zergling x2  
  43  4:59  Zergling x2  
  47  5:05  Baneling x4  
  47  5:06  Drone  
  48  5:13  Drone x3  
  48  5:14  Drone  
  52  5:19  Drone x2  
  54  5:23  Baneling  
  54  5:24  Drone x2, Baneling  
  56  5:29  Drone  
  57  5:41  Extractor  
  57  5:42  Extractor  
  55  5:43  Zerg Melee Weapons Level 1  
  55  5:44  Zergling x4  
  55  5:45  Overlord x4  
  57  5:51  Spore Crawler  
  56  6:03  Queen  
  58  6:04  Drone x2  
  58  6:05  Drone x3  
  58  6:06  Drone x2  
  65  6:11  Zerg Ground Armor Level 1  
  65  6:12  Zergling x6  
  68  6:22  Drone  
  68  6:23  Drone x4  
  68  6:24  Zergling x4  
  75  6:38  Roach Warren  
  74  6:46  Drone x8  
  82  6:54  Overlord  
  82  6:55  Overlord  
  82  6:59  Overlord x3  
  82  7:00  Overlord  
  82  7:08  Spore Crawler  
  82  7:11  Lair  
  82  7:14  Extractor  
  80  7:16  Drone  
  80  7:17  Drone, Extractor, Zergling x6  
  84  7:23  Hatchery  
  84  7:24  Drone x2  
  84  7:25  Drone x2  
  87  7:36  Drone x3  
  90  7:47  Roach x8  
  90  7:48  Roach x3  
  112  8:11  Extractor  
  111  8:13  Baneling x2  
  111  8:14  Centrifical Hooks  
  111  8:15  Glial Reconstitution, Extractor  
  111  8:16  Roach x6  
  122  8:20  Infestation Pit  
  122  8:21  Overlord x5  
  122  8:22  Ravager  
  122  8:29  Overlord x3  
  119  9:05  Roach x3  
  119  9:06  Roach, Ravager x3  
  119  9:07  Ravager x7  
  119  9:08  Zergling x14  
  119  9:09  Zergling x10  
  148  9:11  Drone x2  
  148  9:12  Drone  
  151  9:23  Roach x6  
  162  9:27  Roach x2  
  166  9:34  Drone  
  166  9:35  Drone x2  
Show
View Real Time Build Order
Export as new Build Order

PureLegacy Terran - Winner!

Build Orders:  

Get SALT Encoding   

  12  0:00  SCV  
  13  0:12  SCV  
  14  0:18  Supply Depot  
  14  0:25  SCV  
  15  0:29  Refinery  
  15  0:39  SCV  
  16  0:46  Barracks  
  16  0:51  SCV  
  17  1:03  Barracks  
  17  1:17  Barracks  
  17  1:23  SCV  
  18  1:37  Reaper  
  19  1:41  Orbital Command  
  19  1:47  Refinery  
  19  1:51  Reaper  
  20  2:00  Supply Depot  
  20  2:05  Reaper  
  21  2:09  Reaper  
  21  2:12  SCV  
  23  2:23  Reaper  
  24  2:37  Reaper  
  24  2:42  Reaper  
  26  2:48  Supply Depot  
  26  2:50  SCV  
  26  2:55  Reaper  
  27  3:03  SCV  
  29  3:16  SCV  
  31  3:22  Command Center  
  30  3:33  Barracks Reactor, Barracks Tech Lab  
  29  3:35  SCV  
  29  3:36  Factory  
  29  3:42  Marine  
  29  3:47  SCV  
  31  3:52  Marine  
  31  3:53  Stimpack  
  32  3:59  SCV  
  33  4:11  Marine x3, SCV  
  37  4:18  Supply Depot  
  37  4:19  Factory Tech Lab  
  37  4:23  Starport  
  36  4:36  Barracks Reactor  
  34  4:40  Marine x3  
  34  4:43  SCV  
  37  4:48  Siege Tank  
  37  4:49  Orbital Command  
  40  4:59  SCV  
  41  5:02  Marine x3  
  42  5:18  SCV x2  
  42  5:20  Medivac x2  
  48  5:27  Marine x3  
  48  5:28  Marine  
  52  5:44  Marine  
  52  5:45  Marine x2, SCV x2  
  52  5:47  Supply Depot  
  57  5:51  Siege Tank  
  60  5:57  SCV x2  
  60  6:03  Barracks Reactor  
  61  6:07  Engineering Bay  
  61  6:09  SCV x2  
  63  6:14  Marine  
  63  6:15  Marine x2  
  66  6:21  SCV x2  
  68  6:27  Barracks  
  68  6:29  Barracks  
  68  6:38  SCV x2  
  70  6:41  Refinery x2  
  70  6:42  Terran Infantry Weapons Level 1  
  70  6:46  Supply Depot  
  70  6:47  Supply Depot  
  70  6:49  Supply Depot  
  70  6:53  Combat Shield  
  70  7:08  Medivac x2, SCV x2  
  76  7:09  Marine  
  76  7:10  Marine x4  
  81  7:15  Barracks Reactor  
  81  7:16  Barracks Reactor  
  81  7:20  Missile Turret, SCV x2  
  83  7:31  Missile Turret  
  83  7:32  Supply Depot  
  83  7:35  SCV  
  84  7:44  Siege Tank  
  87  7:48  Medivac x2  
  80  8:02  Marine x3  
  80  8:03  Marine x5  
  85  8:07  Supply Depot  
  85  8:08  Supply Depot  
  82  8:16  Siege Tank  
  82  8:18  Liberator x2  
  81  8:23  Marine x3  
  81  8:24  Marine x3  
  90  8:27  Marine x3  
  94  8:41  Marine x4  
  94  8:44  Marine x2  
  94  8:48  Siege Tank  
  103  8:53  Marine x3  
  106  8:59  Supply Depot, Marine  
  106  9:00  Supply Depot  
  106  9:02  Marine x4  
  109  9:05  Marine  
  111  9:10  Marine  
  93  9:20  Marine x5  
  93  9:24  Marine x2  
  94  9:28  Armory  
  94  9:31  Engineering Bay  
  96  9:32  Command Center  
Tags
 
Add a new tag
Caveats
  • Supply blocks, unpowered buildings, or Contaminate may cause inaccurate times.
  • Supply counts are checked every 10 seconds.